 Dungeon Crawl Stone Soup version 0.14.2 (console) character file.

251188 Hornjob the Severer (level 18, -7/168 HPs)
             Began as a Deep Dwarf Fighter on Oct 25, 2015.
             Was the Champion of Makhleb.
             Shot with an arrow of frost by a deep elf master archer (15 damage)
             ... on Level 3 of the Elven Halls.
             The game lasted 01:47:13 (38803 turns).

Hornjob the Severer (Deep Dwarf Fighter)           Turns: 38803, Time: 01:47:13

HP  -7/168       AC 31     Str 28      XL: 18   Next: 82%
MP  18/18        EV 10     Int 15      God: Makhleb [******]
Gold 3752        SH 31     Dex 11 (12) Spells:  1 memorised, 21 levels left

rFire  + . .     SeeInvis .     a - +8,+7 broad axe (flame)
rCold  + . .     Clarity  .     R - +5 plate armour "Kleuqesm" {rPois Str+3}
rNeg   + . .     Conserve .     c - +0 shield
rPois  +         rCorr    .     D - +1 helmet
rElec  .         rRot     .     w - +0 cloak
SustAb . .       Spirit   .     J - +2 pair of gloves {rC+}
rMut   +         Warding  .     Z - +0 pair of boots
Saprov . . .     Stasis   .     I - amulet of resist mutation
MR     ++++.                    n - ring of protection from fire
                                t - ring of the Mage {Wiz MR++ Int+3}

@: non-regenerating, drained, incredibly resistant to hostile enchantments,
extremely unstealthy
A: damage resistance, recharge devices, life protection 1, sense surroundings 3,
slow healing 3
a: Device Recharging, Minor Destruction, Lesser Servant of Makhleb, Major
Destruction, Greater Servant of Makhleb, Renounce Religion
}: 2/15 runes: decaying, gossamer


You were on level 3 of the Elven Halls.
You worshipped Makhleb.
Makhleb was exalted by your worship.
You were not hungry.

You visited 7 branches of the dungeon, and saw 41 of its levels.
You also visited: Labyrinth, Sewer, Bailey, Ice Cave and Volcano.

You collected 4085 gold pieces.
You spent 333 gold pieces at shops.

Inventory:

Hand weapons
 a - a +8,+7 broad axe of flaming (weapon)
 b - a +0 blowgun
Missiles
 l - 4 curare-tipped needles
 r - 87 poisoned needles
Armour
 c - a +0 shield (worn)
 w - a +0 cloak (worn)
 D - a +1 helmet (worn)
 J - a +2 pair of gloves of cold resistance (worn)
 K - the -4 pair of boots of Supple Strength {+Fly Int-2}
   (You bought it in a shop on level 4 of the Orcish Mines)

   It affects your intelligence (-2).
   It lets you fly.
 R - the +5 plate armour "Kleuqesm" (worn) {rPois Str+3}
   (You found it on level 14 of the Dungeon)

   It affects your strength (+3).
   It protects you from poison.
 Z - a +0 pair of boots (worn)
Magical devices
 q - a wand of random effects (13)
 x - a wand of heal wounds (3)
 B - a wand of disintegration (7)
 G - a wand of confusion (15)
Comestibles
 f - 18 bread rations
Scrolls
 d - a scroll of recharging
 h - a scroll of summoning
 k - a scroll of silence
 o - 2 scrolls of magic mapping
 A - 12 scrolls of remove curse
 U - 2 scrolls of vulnerability
 X - a scroll of fog
 Y - 3 scrolls of immolation
Jewellery
 g - an uncursed amulet of clarity
 j - an uncursed ring of teleportation
 n - a ring of protection from fire (right hand)
 t - the ring of the Mage (left hand) {Wiz MR++ Int+3}
   (You found it in a labyrinth)

   [ring of wizardry]

   It affects your intelligence (+3).
   It affects your resistance to hostile enchantments.
 v - an uncursed amulet of rage
 y - an uncursed ring of protection from fire
 z - an uncursed ring of poison resistance
 I - an amulet of resist mutation (around neck)
 O - a +5 ring of dexterity
 S - the ring "Piatwir" {Hunger- Str+4 SInv}
   (You took it off a minotaur in a labyrinth)

   [ring of sustenance]

   It affects your strength (+4).
   It enhances your eyesight.
 W - an uncursed amulet of resist corrosion
Potions
 i - a potion of brilliance
 m - a potion of magic
 u - a potion of resistance
 F - 5 potions of curing
 H - 3 potions of restore abilities
 M - a potion of berserk rage
 N - a potion of haste
 T - 2 potions of flight
 V - a potion of porridge
Magical staves
 Q - an uncursed staff of air
Miscellaneous
 e - a sack of spiders
 p - a sack of spiders {used: 3}
 s - a sack of spiders
 C - a legendary deck of war {Damnation}
 P - a legendary deck of summonings


   Skills:
 + Level 12.3(12.1) Fighting
 - Level 18.5(18.3) Axes
 + Level 14.5(14.3) Armour
 + Level 13.8(13.6) Dodging
 - Level 17.3(17.1) Shields
 - Level 3.1(2.9) Spellcasting
 - Level 3.2(3.0) Charms
 - Level 2.5(2.3) Air Magic
 - Level 13.0(12.8) Invocations


You had 21 spell levels left.
You knew the following spells:

 Your Spells              Type           Power        Failure   Level  Hunger
a - Repel Missiles        Chrm/Air       ##....       28%         2    ##.....


Dungeon Overview and Level Annotations

Branches:
Dungeon (15/15)            Temple (1/1) D:7             Orc (4/4) D:12
    Elf (3/3) Orc:3          Lair (8/8) D:9           Swamp (5/5) Lair:6
 Spider (5/5) Lair:5        Slime (0/6) Lair:7       Vaults (0/5) D:14
 Depths (0/5) D:15

Altars:
Ashenzari
Cheibriados
Dithmenos
Elyvilon
Fedhas
Kikubaaqudgha
Makhleb
Nemelex Xobeh
Okawaru
Sif Muna
Trog
Vehumet
Xom
Yredelemnul
Zin
The Shining One
Beogh

Shops:
D:13 :   Orc:3 *   Orc:4 ([((   Elf:3 (

Annotations:
D:5 exclusion: statue
Elf:3 ulrikemeinhof's ghost, mighty SpWr


Innate Abilities, Weirdness & Mutations

You are resistant to damage.
You can recharge devices by infusing magical energy.
You resist negative energy.
You passively map a large area around you.
You do not heal naturally.


Message History

The deep elf knight glows brightly for a moment.
Found seven items.
Use which ability? (? or * to list)
A demon appears!
You feel somewhat more hungry.
The deep elf master archer shoots an arrow of frost.
You block the arrow of frost.
The deep elf demonologist gestures wildly while chanting.
The deep elf knight casts a spell.
The deep elf knight seems to speed up.
A deep elf conjurer comes into view. It is wielding a long sword.
Use which ability? (? or * to list) Charge which item? (? for menu, Esc to quit)
Your wand of heal wounds (0) glows for a moment and now has 3 charges.
The deep elf summoner casts a spell.
The deep elf summoner blinks!
The deep elf fighter casts a spell.
The deep elf fighter seems to speed up.
The deep elf master archer shoots an arrow of frost.
The arrow of frost hits you! You resist.
You die...

###########******
##.e?.(..?|:),,*,**
##2ee@:)?.)|..,,*,,**
##[ee)e|2(.(:%.,,*,,,**
##*.4e!)#######****,,,,*
#ee2.1(##*,,,,,,,,*+,,,,
#eeee###,,,, ,,,,,,*,,,,
#.e:e**,,,,,,,,,,,, *,,,
#.*e#*,*e,,,,,,,,*******
#.'#**,,e,,,,,,,**,,,,,,
#.#,,*,*,,,,,,,**,,,,,,,


You could see an Ice Fiend, a hell beast, a deep elf master archer, 2 deep elf
annihilators, 2 deep elf death magi, a shadow demon, a deep elf demonologist, 2
deep elf knights, a deep elf summoner, an iron devil, 3 deep elf conjurers, a
deep elf fighter, 3 deep elf magi, a lost soul and a friendly balrug.

Vanquished Creatures
  Saint Roka (Orc:4)
  the Lernaean hydra (Swamp:5)
  Norris (Spider:3)
  A Brimstone Fiend (Elf:1)
  A deep elf master archer (Elf:3)
  Rupert (Swamp:2)
  A thorn hunter (Swamp:4)
  Wiglaf (Swamp:2)
  2 deep elf sorcerers (Elf:3)
  A cacodemon (Elf:3)
  2 ghost moths (Spider:5)
  Gastronok (D:11)
  An orc warlord (Orc:4)
  5 emperor scorpions
  4 deep elf demonologists
  3 deep elf annihilators (Elf:3)
  A dire elephant (D:15)
  3 deep elf death magi
  A minotaur (Lab)
  A deep elf high priest (Elf:3)
  2 vault guards (D:14)
  An ice dragon (D:15)
  Harold (Lair:3)
  17 hydras
  A spectral elf (Elf:3)
  6 alligators
  The ghost of ulrikemeinhof the Slicer, a powerful KoBe of Trog (Orc:1)
  5 death yaks
  2 orc high priests
  Urug (D:12)
  A soul eater (D:14)
  3 tengu warriors
  A very ugly thing (Swamp:5)
  2 centaur warriors (D:14)
  2 catoblepae
  10 deep elf knights
  An ice devil (Elf:3)
  18 orb spiders
  6 hill giants
  2 unseen horrors
  8 deep elf summoners
  An orc knight (D:15)
  11 swamp dragons
  5 lindwurms (Lair:6)
  Pikel (Temple)
  2 griffons (Lair:8)
  A hellion (Elf:3)
  5 orc sorcerers
  A wizard (D:14)
  2 oklob plants
  2 cyclopes
  3 necromancers (D:14)
  13 deep elf conjurers
  3 red wasps
  25 wolf spiders
  A manticore (shapeshifter) (Elf:1)
  2 moths of wrath
  15 elephants
  A salamander (D:15)
  The ghost of ulrikemeinhof the Cudgeler, an experienced GrFi of Okawaru (D:7)
  2 manticores
  Maurice (Orc:3)
  A smoke demon (Volcano)
  A spiny frog (shapeshifter) (D:15)
  A gargoyle (D:13)
  A queen ant (Spider:2)
  A feature mimic (Lair:2)
  An item mimic (D:14)
  19 spiny frogs
  Psyche (Orc:3)
  7 black mambas
  3 kobold demonologists (D:14)
  A vapour (Swamp:3)
  Joseph (D:8)
  14 demonic crawlers
  A tengu conjurer (D:15)
  10 deep elf priests
  A fire drake (shapeshifter) (Elf:3)
  A centaur skeleton (D:11)
  4 fire drakes
  An iron devil (Elf:1)
  2 giant leeches (Swamp:1)
  34 jumping spiders
  3 boggarts (D:15)
  A baby alligator (shapeshifter) (D:13)
  5 two-headed ogres
  4 giant fireflies
  9 komodo dragons
  A troll (shapeshifter) (D:14)
  10 ravens
  3 boulder beetles
  17 blink frogs
  10 slime creatures
  A raven (shapeshifter) (D:15)
  4 blue devils
  2 trolls
  4 grizzly bears
  The ghost of ulrikemeinhof the Bolt Thrower, an average CeHu (D:5)
  26 trapdoor spiders
  2 baby alligators (Swamp:1)
  3 thorn lotuses
  18 bog bodies
  6 basilisks
  5 shadows
  6 spriggans
  19 yaks
  3 water elementals
  A vampire (D:14)
  29 tarantellas
  5 wyverns
  59 redbacks
  The ghost of ulrikemeinhof the Skirmisher, an average MiFi of Okawaru (Sewer)
  32 deep elf magi
  A hill giant zombie (D:12)
  2 ynoxinuls
  6 ugly things
  7 vampire mosquitoes
  3 elephant slugs
  5 hungry ghosts
  A fire bat (Volcano)
  10 sharks
  12 hippogriffs
  Grum (D:11)
  16 deep elf fighters
  A warg (D:12)
  20 humans
  15 wolves
  Edmund (D:5)
  40 swamp worms
  16 soldier ants
  2 hell hounds (Volcano)
  A hydra simulacrum (D:14)
  A slave (Temple)
  3 mottled dragons
  A trapdoor spider simulacrum (D:12)
  A human skeleton (D:14)
  8 porcupines
  4 giant goldfish
  50 orc warriors
  3 sky beasts
  19 swamp drakes
  27 spiders
  14 water moccasins
  A black bear (Lair:2)
  A yellow wasp (Spider:1)
  13 ogres
  10 centaurs
  17 ice beasts
  11 crocodiles
  A boring beetle (Spider:4)
  5 lava worms (Volcano)
  2 phantoms
  A brain worm (D:15)
  A hill giant simulacrum (D:15)
  9 giant slugs
  A big kobold (D:9)
  11 insubstantial wisps
  15 killer bees
  24 giant frogs
  11 scorpions
  A tengu zombie (D:12)
  15 wights
  An eye of draining (D:14)
  9 electric eels
  A pulsating lump (shapeshifter) (Elf:1)
  A vampire bat (Lair:8)
  7 goliath beetles
  10 crimson imps
  A lava snake (Volcano)
  4 quasits
  11 jellies
  A komodo dragon simulacrum (D:14)
  A giant frog zombie (D:12)
  An elf zombie (D:7)
  11 big fish
  5 iguanas
  36 orc priests
  39 orc wizards
  3 iron imps (D:14)
  An orange rat (Elf:2)
  Natasha (twice) (D:6)
  17 hounds
  25 worker ants
  A big kobold skeleton (D:10)
  A mottled dragon zombie (D:15)
  20 sheep
  A mummy (D:11)
  A hound zombie (D:8)
  2 worker ant zombies
  16 adders
  7 gnolls
  2 shadow imps
  33 green rats
  3 giant mites
  14 worms
  6 white imps
  15 ufetubi
  2 giant eyeballs
  An orc skeleton (D:9)
  17 giant geckos
  257 orcs
  24 ball pythons
  5 giant cockroaches
  26 goblins
  16 hobgoblins
  28 jackals
  4 oozes
  36 bats
  A giant gecko zombie (D:7)
  7 giant newts
  A giant spore (D:8)
  A goblin skeleton (D:4)
  32 kobolds
  4 orc zombies
  16 quokkas
  19 rats
  A rat zombie (D:7)
  A ballistomycete (D:11)
  A butterfly (D:4)
  2 crawling corpses (Elf:2)
  11 fungi
  12 plants
1893 creatures vanquished.

Vanquished Creatures (collateral kills)
  Maud (Lair:5)
  Nergalle (Orc:3)
  An ice devil (IceCv)
  An orb spider (Lair:5)
  2 ice statues (IceCv)
  4 blue devils (IceCv)
  An orc wizard (Orc:3)
  5 green rats (Lair:5)
  2 white imps (IceCv)
  7 orcs (Orc:3)
  8 ball pythons (Sewer)
  4 goblins
37 creatures vanquished.

Vanquished Creatures (others)
  A balrug (IceCv)
  Josephine (D:12)
  A deep elf knight (Elf:1)
  An orb spider (Spider:2)
  A wolf spider (Spider:5)
  2 boggarts (D:15)
  A bog body (Swamp:5)
  A chaos spawn (D:14)
  3 spiders (Lair:4)
  A giant frog (D:7)
  3 white imps (IceCv)
  2 giant spores
  7 fungi
  3 plants (Lair:5)
28 creatures vanquished.

Grand Total: 1958 creatures vanquished

Notes
Turn   | Place    | Note
--------------------------------------------------------------
     0 | D:1      | Hornjob, the Deep Dwarf Fighter, began the quest for the Orb.
     0 | D:1      | Reached XP level 1. HP: 20/20 MP: 1/1
    60 | D:1      | Reached XP level 2. HP: 21/27 MP: 2/2
   304 | D:1      | Reached XP level 3. HP: 20/33 MP: 3/3
   379 | D:1      | Reached skill level 4 in Axes
   790 | D:2      | Found a sparkling altar of Nemelex Xobeh.
   891 | D:1      | Reached XP level 4. HP: 24/40 MP: 4/4
   900 | D:2      | Reached skill level 5 in Axes
  1221 | D:2      | Reached XP level 5. HP: 34/46 MP: 5/5
  1303 | D:2      | Gained mutation: You have large cloven feet. [potion of mutation]
  1303 | D:2      | Gained mutation: You tend to lose your temper in combat. [potion of mutation]
  1303 | D:2      | Gained mutation: Your vision is a little blurry. [potion of mutation]
  1304 | D:2      | Lost mutation: You tend to lose your temper in combat. [potion of cure mutation]
  1304 | D:2      | Lost mutation: Your vision is a little blurry. [potion of cure mutation]
  1304 | D:2      | Lost mutation: You have large cloven feet. [potion of cure mutation]
  1359 | D:3      | Reached skill level 6 in Axes
  1365 | D:3      | Found a shattered altar of Ashenzari.
  1629 | D:3      | Found a glowing silver altar of Zin.
  1870 | D:3      | Noticed an ogre
  1901 | D:3      | Killed an ogre
  1901 | D:3      | Reached skill level 7 in Axes
  1901 | D:3      | Reached XP level 6. HP: 33/55 MP: 6/6
  2596 | D:4      | Reached skill level 8 in Axes
  2600 | D:4      | Got an ancient trident
  2716 | D:4      | Identified the cursed -2,-2 trident "Thoh" {freeze, MR+} (You found it on level 4 of the Dungeon)
  2853 | D:4      | Found a shimmering altar of Xom.
  3001 | D:4      | Reached XP level 7. HP: 39/61 MP: 7/7
  3264 | D:5      | Entered Level 5 of the Dungeon
  3265 | D:5      | Noticed ulrikemeinhof's ghost (average CeHu)
  3276 | D:5      | Killed ulrikemeinhof's ghost
  3276 | D:5      | Reached skill level 9 in Axes
  3506 | D:5      | Found a radiant altar of Vehumet.
  3531 | D:5      | Found a glowing drain.
  3574 | Sewer    | Entered a sewer
  3574 | Sewer    | Noticed ulrikemeinhof's ghost (average MiFi)
  3640 | Sewer    | Killed ulrikemeinhof's ghost
  3640 | Sewer    | Reached skill level 10 in Axes
  3640 | Sewer    | Reached XP level 8. HP: 52/68 MP: 8/8
  4147 | D:6      | Noticed Edmund
  4166 | D:5      | Killed Edmund
  4186 | D:6      | Reached skill level 1 in Dodging
  4186 | D:6      | Paralysed by a giant eyeball for 4 turns
  4291 | D:6      | Found a burning altar of Makhleb.
  4361 | D:6      | Became a worshipper of Makhleb the Destroyer
  4570 | D:6      | Noticed Natasha
  4575 | D:6      | Killed Natasha
  4624 | D:6      | Acquired Makhleb's first power
  4702 | D:6      | Noticed Natasha
  4714 | D:6      | Killed Natasha
  4730 | D:6      | Found an iron altar of Okawaru.
  4811 | D:7      | Reached skill level 5 in Armour
  4821 | D:7      | Gained mutation: You passively map the area around you. [level up]
  4821 | D:7      | Reached XP level 9. HP: 34/78 MP: 9/9
  4880 | D:7      | Reached skill level 11 in Axes
  4880 | D:7      | Reached skill level 5 in Shields
  4969 | D:7      | Found a staircase to the Ecumenical Temple.
  5032 | D:7      | Found a snail-covered altar of Cheibriados.
  5059 | D:7      | Noticed ulrikemeinhof's ghost (experienced GrFi)
  5130 | D:7      | Killed ulrikemeinhof's ghost
  5130 | D:7      | Acquired Makhleb's second power
  5297 | D:7      | Found a white marble altar of Elyvilon.
  5410 | D:7      | Reached skill level 5 in Fighting
  5525 | D:7      | Noticed Pikel
  5558 | Temple   | Entered the Ecumenical Temple
  5583 | Temple   | Killed Pikel
  5583 | Temple   | Reached skill level 5 in Dodging
  5583 | Temple   | Reached XP level 10. HP: 58/88 MP: 7/7
  5708 | D:7      | Acquired Makhleb's third power
  5796 | D:7      | Found a roughly hewn altar of Beogh.
  5880 | D:8      | You fall through a shaft!
  6127 | D:9      | Acquired Makhleb's fourth power
  6193 | D:9      | Found a staircase to the Lair.
  6540 | D:9      | Identified the Papyrus of Destructive Venom
  6642 | D:10     | Entered Level 10 of the Dungeon
  6767 | D:8      | Identified the Guide on Hexes and the Entourage (You found it on level 8 of the Dungeon)
  6801 | D:8      | Noticed Joseph
  6872 | D:8      | Killed an unseen horror
  7239 | D:8      | Acquired Makhleb's fifth power
  7332 | D:8      | Killed Joseph
  7332 | D:8      | Reached skill level 12 in Axes
  7883 | D:10     | Reached XP level 11. HP: 84/97 MP: 6/6
  7975 | D:10     | Killed an unseen horror
  8362 | D:10     | Noticed a hill giant
  8416 | D:10     | Killed a hill giant
  8703 | D:11     | Reached skill level 1 in Invocations
  8705 | D:11     | Noticed Grum
  8727 | D:11     | Killed Grum
  8966 | D:11     | Reached skill level 5 in Invocations
  9315 | D:11     | Noticed a hill giant
  9327 | D:11     | Killed a hill giant
  9373 | D:11     | Noticed Gastronok
  9502 | D:11     | Killed Gastronok
  9527 | D:11     | Found a roughly hewn altar of Beogh.
  9848 | Lair:1   | Entered Level 1 of the Lair of Beasts
  9944 | Lair:1   | Reached skill level 10 in Invocations
 10071 | Lair:1   | Learned a level 2 spell: Repel Missiles
 10494 | Lair:2   | Found a labyrinth entrance.
 10502 | Lab      | Entered a labyrinth
 11005 | Lab      | Noticed a minotaur
 11031 | Lab      | Killed a minotaur
 11031 | Lab      | Reached XP level 12. HP: 54/106 MP: 19/21
 11033 | Lab      | Got a pitted bow
 11033 | Lab      | Got a twisted scale mail
 11033 | Lab      | Got a fine steel ring
 11081 | Lab      | Identified the cursed +5 scale mail of the Castellan {Str+3 Int-3} (You took it off a minotaur in a labyrinth)
 11280 | Lair:2   | Identified the ring "Piatwir" {Hunger- Str+4 SInv} (You took it off a minotaur in a labyrinth)
 11439 | Lair:2   | Reached skill level 13 in Invocations
 12443 | Lair:3   | Noticed Harold
 12461 | Lair:3   | Killed Harold
 12461 | Lair:3   | Reached skill level 1 in Spellcasting
 12461 | Lair:3   | Reached skill level 1 in Charms
 12461 | Lair:3   | Reached skill level 1 in Air Magic
 13409 | Lair:4   | Noticed an eight-headed hydra
 13427 | Lair:4   | Killed a nine-headed hydra
 13902 | Lair:5   | Reached XP level 13. HP: 88/115 MP: 22/22
 14129 | Lair:5   | Noticed a five-headed hydra
 14144 | Lair:5   | Killed a five-headed hydra
 14207 | Lair:5   | Noticed Maud
 14682 | D:12     | Found a staircase to the Orcish Mines.
 14750 | D:12     | Noticed Urug
 14775 | D:12     | Killed Urug
 14804 | Orc:1    | Entered Level 1 of the Orcish Mines
 15207 | Orc:2    | Found a frozen archway.
 15270 | IceCv    | Entered an ice cave
 15825 | Orc:3    | Found a staircase to the Elven Halls.
 15827 | Orc:3    | Noticed Psyche
 15834 | Orc:3    | Killed Psyche
 15839 | Orc:3    | Found a roughly hewn altar of Beogh.
 16056 | Orc:3    | Noticed Nergalle
 16065 | Orc:3    | Killed Nergalle
 16258 | Orc:3    | Found a dark tunnel.
 16273 | Volcano  | Entered a volcano
 16425 | Volcano  | Found a burning altar of Makhleb.
 16505 | Volcano  | Found a bloodstained altar of Trog.
 16591 | Orc:3    | Noticed Maurice
 16713 | Orc:3    | Killed Maurice
 16939 | Orc:3    | Found Yruasur's Assorted Antiques.
 17198 | Orc:4    | Entered Level 4 of the Orcish Mines
 17198 | Orc:4    | Noticed Saint Roka
 17318 | Orc:4    | Killed Saint Roka
 17318 | Orc:4    | Reached skill level 14 in Axes
 17623 | Orc:4    | Noticed an orc warlord
 17635 | Orc:4    | Gained mutation: You resist negative energy. [level up]
 17635 | Orc:4    | Reached XP level 14. HP: 96/126 MP: 17/17
 17653 | Orc:4    | Killed an orc warlord
 17659 | Orc:4    | Found a roughly hewn altar of Beogh.
 17696 | Orc:4    | Found Psotsel's Antique Armour Boutique.
 17698 | Orc:4    | Found Xeocy's Antique Weapon Shop.
 17711 | Orc:4    | Bought a pair of bloodstained boots for 180 gold pieces
 17715 | Orc:4    | Identified the cursed -4 pair of boots of Supple Strength {+Fly Int-2} (You bought it in a shop on level 4 of the Orcish Mines)
 17780 | Orc:4    | Found a roughly hewn altar of Beogh.
 17899 | Orc:4    | Found a roughly hewn altar of Beogh.
 17900 | Orc:4    | Found Frearghu's Antique Weapon Shoppe.
 18064 | Orc:4    | Found a roughly hewn altar of Beogh.
 18071 | Orc:4    | Found Kiekim's Weapon Emporium.
 18077 | Orc:4    | Reached skill level 15 in Axes
 18526 | Orc:1    | Noticed ulrikemeinhof's ghost (powerful KoBe)
 18548 | Orc:1    | Killed ulrikemeinhof's ghost
 19146 | Lair:5   | Killed Maud
 19346 | Lair:5   | Found a hole to the Spider Nest.
 19634 | Lair:6   | Reached skill level 16 in Axes
 19837 | Lair:6   | Found a staircase to the Swamp.
 20582 | Lair:7   | Found a staircase to the Slime Pits.
 21047 | Lair:8   | Entered Level 8 of the Lair of Beasts
 21338 | Lair:8   | Reached skill level 17 in Axes
 21933 | Lair:8   | Reached skill level 18 in Axes
 22238 | Lair:6   | Reached XP level 15. HP: 132/132 MP: 17/17
 22268 | Lair:6   | Got an encrusted plate armour
 22283 | Lair:6   | Identified the +2 plate armour of Subjectivity {Str+4 Int+2} (You found it on level 6 of the Lair of Beasts)
 22753 | D:12     | Found a bloodstained altar of Trog.
 22843 | D:12     | Paralysed by a giant eyeball for 4 turns
 22850 | D:12     | Paralysed by a giant eyeball for 3 turns
 23195 | D:12     | Noticed Josephine
 23212 | D:12     | Killed Josephine
 23562 | D:12     | Reached skill level 10 in Armour
 24133 | D:13     | Reached skill level 10 in Shields
 24468 | D:13     | Found Qattud's Book Shoppe.
 24701 | D:14     | Found a flagged portal.
 24708 | Bailey   | Entered a bailey
 25331 | D:14     | Found a gate to the Vaults.
 25714 | D:14     | Got an ancient plate armour
 25717 | D:14     | Identified the cursed +5 plate armour "Kleuqesm" {rPois Str+3} (You found it on level 14 of the Dungeon)
 25942 | D:15     | Entered Level 15 of the Dungeon
 25958 | D:15     | Reached skill level 10 in Dodging
 26322 | D:15     | Found an iron altar of Okawaru.
 26455 | D:15     | Found a staircase to the Depths.
 26850 | Swamp:1  | Entered Level 1 of the Swamp
 27081 | Swamp:1  | Reached XP level 16. HP: 144/144 MP: 17/17
 27678 | Swamp:2  | Noticed Rupert
 27692 | Swamp:2  | Paralysed by Rupert for 3 turns
 27701 | Swamp:2  | Killed Rupert
 27717 | Swamp:2  | Noticed Wiglaf
 27789 | Swamp:2  | Killed Wiglaf
 27826 | Swamp:2  | Reached skill level 10 in Fighting
 28852 | Swamp:4  | Got an ancient chain mail
 28853 | Swamp:4  | Identified the +0 chain mail "Woxeodix" {MR+ SInv} (You found it on level 4 of the Swamp)
 29367 | Swamp:5  | Entered Level 5 of the Swamp
 29746 | Swamp:5  | Got a shimmering ring mail
 29922 | Swamp:5  | Noticed the 27-headed Lernaean hydra
 29931 | Swamp:5  | Killed the 20-headed Lernaean hydra
 29937 | Swamp:5  | Got a decaying rune of Zot
 30154 | Swamp:5  | Identified the cursed -5 ring mail of Cumeute {Int+2} (You found it on level 5 of the Swamp)
 30398 | Spider:1 | Entered Level 1 of the Spider Nest
 30670 | Spider:1 | Reached XP level 17. HP: 148/156 MP: 18/18
 32708 | Spider:3 | Noticed Norris
 32744 | Spider:3 | Killed Norris
 33648 | Spider:5 | Entered Level 5 of the Spider Nest
 34142 | Spider:5 | Reached skill level 15 in Shields
 34838 | Spider:5 | Gained mutation: You passively map a large area around you. [level up]
 34838 | Spider:5 | Reached XP level 18. HP: 166/166 MP: 19/19
 35069 | Spider:5 | Got a gossamer rune of Zot
 35867 | Orc:4    | Bought a pair of boots for 85 gold pieces
 36004 | Orc:3    | Bought a scroll of identify for 68 gold pieces
 36072 | Elf:1    | Entered Level 1 of the Elven Halls
 36532 | Elf:1    | Noticed a Brimstone Fiend
 36533 | Elf:1    | Noticed a Brimstone Fiend
 36543 | Elf:1    | Killed a Brimstone Fiend
 37432 | Elf:3    | Entered Level 3 of the Elven Halls
 37432 | Elf:3    | Noticed ulrikemeinhof's ghost (mighty SpWr)
 37445 | Elf:3    | Noticed a Hell Sentinel
 37509 | Elf:3    | Found Loecugiz's Antique Weapon Emporium.
 38032 | Elf:3    | Found Loecugiz's Antique Weapon Emporium.
 38551 | Elf:3    | Noticed a Hell Sentinel
 38803 | Elf:3    | Shot with an arrow of frost by a deep elf master archer

Action                   |  1- 3 |  4- 6 |  7- 9 | 10-12 | 13-15 | 16-18 || total
-------------------------+-------+-------+-------+-------+-------+-------++-------
Melee: War axe           |   131 |   235 |   527 |  1412 |   647 |       ||  2952
       Hand axe          |       |       |     3 |     7 |       |       ||    10
       Dagger            |       |       |       |     5 |    11 |       ||    16
       Broad axe         |       |       |       |       |  1436 |  1797 ||  3233
 Fire: Blowgun           |       |    17 |    12 |     4 |       |    49 ||    82
Throw: Stone             |    34 |    19 |     3 |       |       |       ||    56
 Cast: Repel Missiles    |       |       |       |     1 |     1 |       ||     2
Invok: Minor Destruction |       |       |       |       |     6 |       ||     6
       Greater Servant o |       |       |       |       |     7 |     6 ||    13
 Abil: Device Recharging |       |       |     3 |     4 |     7 |     1 ||    15
       Evoke Flight      |       |       |       |       |     5 |       ||     5
Evoke: Wand              |     1 |     5 |    26 |    29 |    49 |    17 ||   127
       Sack of spiders   |       |       |       |     5 |       |       ||     5
  Use: Scroll            |       |     5 |     6 |    19 |    18 |    28 ||    76
       Potion            |       |     2 |     3 |     9 |     6 |     5 ||    25
 Stab: Confused          |       |       |       |       |     1 |       ||     1
       Held in net/web   |       |       |       |       |       |     1 ||     1
       Sleeping          |       |       |       |       |       |     1 ||     1
